 Dungeon Crawl Stone Soup version 0.27.1-1-g398f81649c (webtiles) character file.

Game seed: 4008677772642578263

898 MisterFreud the Thaumaturge (level 8, -3/63 HPs)
             Began as a Gnoll Wanderer on Sept 10, 2021.
             Was a Believer of Ashenzari.
             Slain by a shadow (12 damage)
             ... on level 5 of the Dungeon.
             The game lasted 00:12:04 (6213 turns).

MisterFreud the Thaumaturge (Gnoll Wanderer)        Turns: 6213, Time: 00:12:05

Health: -3/63      AC:  3    Str: 14    XL:     8   Next: 7%
Magic:  21/23      EV: 12    Int: 13    God:    Ashenzari [**....]
Gold:   199        SH:  0    Dex: 10    Spells: 19/30 levels left

rFire    . . .     SeeInvis +   m - +9 staff of Wucad Mu {*channel}
rCold    . . .     Faith    .   (no shield)
rNeg     . . .     Spirit   .   d - +0 robe of Ashenzari's Nihilism {Bglg, Fort} (curse)
rPois    .         Reflect  .   (no helmet)
rElec    .         Harm     .   (no cloak)
rCorr    .         Rampage  .   i - +0 pair of gloves of the Eye in the Sky {Fort, Evo} (curse)
Will     .....                  (no boots)
Stlth    ++........             (no amulet)
HPRegen  0.20/turn              r - ring "Astrological Suspicion" {Wiz, Evo, Bglg} (curse)
MPRegen  0.18/turn              (no ring)

@: no status effects
A: fangs 1, strong nose, distributed training
a: Renounce Religion, Shatter the Chains


You were on level 5 of the Dungeon.
You worshipped Ashenzari.
Ashenzari was pleased with you.
You visited 1 branch of the dungeon, and saw 5 of its levels.

You collected 199 gold pieces.

Inventory:

Hand Weapons
 a - a +0 hand crossbow
 b - a +0 short sword
 m - the +9 staff of Wucad Mu (weapon) {*channel}
   (You acquired it on level 2 of the Dungeon)

   It occasionally powers its wielder's spells, but with a chance of causing
   confusion or draining the wielder's intelligence.
   It becomes more likely to activate and less likely to backfire with increased
   Evocations skill.
Missiles
 f - 47 bolts
Armour
 d - the cursed +0 robe of Ashenzari's Nihilism (worn) {Bglg, Fort}

   It has a curse which improves the following skills: Beguiling: Conjurations,
   Hexes and Translocations.
   Fortitude: Armour and Shields.
 i - the cursed +0 pair of gloves of the Eye in the Sky (worn) {Fort, Evo}
   (You found it on level 1 of the Dungeon)

   It has a curse which improves the following skills: Fortitude: Armour and
   Shields.
   Evocations: Evocations.
Jewellery
 r - the cursed ring "Astrological Suspicion" (left hand) {Wiz, Evo, Bglg}
   (You found it on level 3 of the Dungeon)

   [ring of wizardry]

   It improves your spell success rate.
   It has a curse which improves the following skills: Evocations: Evocations.
   Beguiling: Conjurations, Hexes and Translocations.
 u - a ring of fire
Wands
 t - a wand of polymorph (13)
Scrolls
 e - 7 scrolls of identify
 h - 2 scrolls of fog
 k - a scroll of amnesia
 l - a scroll of brand weapon
 n - a scroll of enchant weapon
 o - a scroll of holy word
 q - 4 scrolls of magic mapping
 s - a scroll of fear
 v - a scroll of teleportation
Potions
 c - 2 potions of lignification
 g - a potion of haste
 j - a potion of might
 p - a potion of flight


   Skills:
 + Level 5.4 Fighting
 + Level 2.9 Short Blades
 + Level 2.9 Long Blades
 + Level 2.9 Axes
 + Level 2.9 Maces & Flails
 + Level 2.9 Polearms
 + Level 2.9 Staves
 + Level 2.9 Slings
 + Level 2.9 Bows
 + Level 3.9 Crossbows
 + Level 3.9 Throwing
 + Level 2.9(4.9) Armour
 + Level 2.9 Dodging
 + Level 3.8 Stealth
 + Level 2.9(4.9) Shields
 + Level 2.9 Unarmed Combat
 + Level 11.5 Spellcasting
 + Level 2.3(4.2) Conjurations
 + Level 2.3(4.2) Hexes
 + Level 2.3 Summonings
 + Level 2.3 Necromancy
 + Level 2.3(4.2) Translocations
 + Level 2.3 Transmutations
 + Level 2.3 Fire Magic
 + Level 2.3 Ice Magic
 + Level 2.3 Air Magic
 + Level 2.3 Earth Magic
 + Level 2.3 Poison Magic
 + Level 3.2 Invocations
 + Level 2.9(4.9) Evocations


You had 19 spell levels left.
You knew the following spells:

 Your Spells              Type           Power      Damage    Failure   Level
a - Magic Dart            Conj           72%        1d6       1%          1
b - Blink                 Tloc           N/A        N/A       1%          2
c - Call Imp              Summ           13%        N/A       2%          2
d - Mephitic Cloud        Conj/Pois/Air  15%        N/A       3%          3
e - Vampiric Draining     Necr           6%         2d6       4%          3

Your spell library contained the following spells:

 Spells                   Type           Power      Damage    Failure   Level
 Searing Ray              Conj           36%        3d4       1%          2
 Slow                     Hex            18%        N/A       1%          2
 Confusing Touch          Hex            18%        N/A       1%          3
 Conjure Flame            Conj/Fire      16%        6-21      3%          3
 Fulminant Prism          Conj/Hex       9%         3d7       7%          4


Dungeon Overview and Level Annotations

Branches:
Dungeon (5/15)             Temple (0/1) D:4

Altars:
Ashenzari
Dithmenos
Elyvilon
Fedhas
Makhleb
Nemelex Xobeh
Okawaru
Xom

Annotations:
D:4 1 runed translucent door, nuka's ghost, amateur MiBe


Innate Abilities, Weirdness & Mutations

You have very sharp teeth.
Your uncanny sense of smell can sniff out nearby items.
Your experience applies equally to all skills.


Message History

You sock the shadow!
The shadow is moderately damaged.
The shadow barely misses you.
The orc priest mumbles some strange prayers to Beogh against you.
Beogh smites you!
The shadow slips into darkness.
The shadow flickers and vanishes for a moment.
There is a large open door here.
You hit the shadow.
The shadow is heavily damaged.
The shadow hits you!
You closely miss the shadow.
The shadow is heavily damaged.
The shadow hits you.
You hit the shadow.
The shadow is heavily damaged.
The shadow hits you.
You barely miss the shadow.
The shadow is heavily damaged.
The shadow hits you.
You closely miss the shadow. You bite the shadow, but do no damage.
The shadow is heavily damaged.
The shadow hits you.
Okay, then.
Unknown command.
Casting: Mephitic Cloud (dangerous; 3% risk of failure)
Confirm with . or Enter, or press ? or * to list all spells.
Okay, then.
Unknown command.
Unknown command.
Casting: Mephitic Cloud (dangerous; 3% risk of failure)
Confirm with . or Enter, or press ? or * to list all spells.
A beastly little devil appears in a puff of frigid air.
The shadow hits you.
You barely miss the orc priest. The shadow hits you!
* * * LOW HITPOINT WARNING * * *
The orc priest closely misses you.
Your white imp barely misses the shadow.
The shadow hits you!
You die...

.....#............##.........
........##.......##..........,
........##.......#...........
.#...............#...........,
##...............#.......⌠..⌠
##..........###..'........≈≈(
, #..##......##
#..'....o...≈≈! #..
###...#####oW#.......⌠..⌠ #..
#.....##..5@#........... *
#.##....#...#........... ,
,...#.....#...##..........
...###.........##......... ,,
*#..* ##...#.....##........ ,
#######...##.....##....... ∆ #
##.##.#...###..##.#* , , , ,##
##.....#...##....##### ###.
#................##.. * #...


You could see a shadow (ally target), an orc priest and a friendly white imp
(summoned).

Vanquished Creatures
  A sky beast (D:5)
  3 ogres
  A centaur (D:4)
  A water moccasin skeleton (D:5)
  A centaur zombie (D:4)
  2 orc priests
  A gnoll shaman (D:5)
  A centaur skeleton (D:5)
  4 iguanas (D:5)
  An orc wizard (D:4)
  A hound zombie (D:5)
  A hound skeleton (D:4)
  A howler monkey skeleton (D:3)
  3 adders
  An ufetubus (D:4)
  An adder skeleton (D:4)
  An adder zombie (D:5)
  2 worms
  2 dart slugs
  12 orcs
  7 endoplasms
  A giant cockroach (D:3)
  5 goblins
  4 hobgoblins
  10 jackals
  7 kobolds
  2 quokkas
  7 ball pythons
  3 bats (D:1)
  5 frilled lizards
  3 rats
95 creatures vanquished.

Notes
Turn   | Place    | Note
-------+----------+-------------------------------------------
     0 | D:1      | Reached skill level 11 in Spellcasting
     0 | D:1      | MisterFreud the Gnoll Wanderer began the quest for the Orb.
     0 | D:1      | MisterFreud set off with the following items: a +0 hand
                  | crossbow, 26 bolts, a potion of lignification, a +0 robe;
                  | and the following spell memorised: Magic Dart; and the
                  | following spells available to memorise: Blink, Call Imp,
                  | Slow, Conjure Flame, Mephitic Cloud
     0 | D:1      | Reached XP level 1. HP: 20/20 MP: 12/12
   418 | D:1      | Reached XP level 2. HP: 26/26 MP: 14/14
   642 | D:1      | Learned a level 2 spell: Blink
   645 | D:1      | Learned a level 2 spell: Call Imp
   918 | D:1      | Reached XP level 3. HP: 28/31 MP: 12/15
  1135 | D:1      | Found a faded altar of an unknown god.
  1235 | D:1      | Became a worshipper of Ashenzari the Shackled
  1247 | D:2      | Identified a scroll of acquirement
  1259 | D:2      | Acquired the +9 staff of Wucad Mu {*channel}
  1259 | D:2      | Found the +9 staff of Wucad Mu {*channel}
  1513 | D:2      | Reached skill level 1 in Invocations
  2046 | D:3      | Reached skill level 1 in Short Blades
  2046 | D:3      | Reached skill level 1 in Long Blades
  2046 | D:3      | Reached skill level 1 in Axes
  2046 | D:3      | Reached skill level 1 in Maces & Flails
  2046 | D:3      | Reached skill level 1 in Polearms
  2046 | D:3      | Reached skill level 1 in Staves
  2046 | D:3      | Reached skill level 1 in Slings
  2046 | D:3      | Reached skill level 1 in Bows
  2046 | D:3      | Reached skill level 1 in Armour
  2046 | D:3      | Reached skill level 1 in Dodging
  2046 | D:3      | Reached skill level 1 in Shields
  2046 | D:3      | Reached skill level 1 in Unarmed Combat
  2046 | D:3      | Reached skill level 1 in Evocations
  2269 | D:3      | Reached XP level 4. HP: 38/38 MP: 7/17
  2657 | D:3      | Reached * piety under Ashenzari
  2696 | D:3      | Found a white marble altar of Elyvilon.
  2926 | D:3      | Learned a level 3 spell: Mephitic Cloud
  2930 | D:3      | Learned a level 3 spell: Vampiric Draining
  3114 | D:4      | Reached skill level 1 in Conjurations
  3114 | D:4      | Reached skill level 1 in Hexes
  3114 | D:4      | Reached skill level 1 in Summonings
  3114 | D:4      | Reached skill level 1 in Necromancy
  3114 | D:4      | Reached skill level 1 in Translocations
  3114 | D:4      | Reached skill level 1 in Transmutations
  3114 | D:4      | Reached skill level 1 in Fire Magic
  3114 | D:4      | Reached skill level 1 in Ice Magic
  3114 | D:4      | Reached skill level 1 in Air Magic
  3114 | D:4      | Reached skill level 1 in Earth Magic
  3114 | D:4      | Reached skill level 1 in Poison Magic
  3189 | D:4      | Reached XP level 5. HP: 10/43 MP: 6/18
  3497 | D:4      | Noticed an ogre
  3506 | D:4      | Noticed an ogre
  3512 | D:4      | Killed an ogre
  3633 | D:4      | Found a staircase to the Ecumenical Temple.
  3647 | D:4      | Noticed an orc warrior
  3709 | D:4      | an orc warrior changed into a worm
  4038 | D:4      | Noticed a centaur
  4047 | D:4      | Killed a centaur
  4048 | D:4      | Reached skill level 5 in Fighting
  4048 | D:4      | Reached XP level 6. HP: 27/51 MP: 16/20
  4264 | D:4      | Found a radiant altar of Vehumet.
  4266 | D:4      | Found a shimmering altar of Xom.
  4266 | D:4      | Found a blossoming altar of Fedhas.
  4268 | D:4      | Found a shadowy altar of Dithmenos.
  4268 | D:4      | Found a burning altar of Makhleb.
  4268 | D:4      | Found an iron altar of Okawaru.
  4269 | D:4      | Identified the +3 ring mail of Viaconna {Str+3}
  4510 | D:4      | Reached XP level 7. HP: 35/56 MP: 19/21
  4643 | D:4      | Found a sparkling altar of Nemelex Xobeh.
  4924 | D:4      | Found a runed translucent door.
  4925 | D:4      | Noticed nuka's ghost (amateur MiBe)
  4980 | D:5      | Entered Level 5 of the Dungeon
  5539 | D:5      | Reached ** piety under Ashenzari
  5783 | D:5      | Reached XP level 8. HP: 17/63 MP: 23/23
  6194 | D:5      | Noticed a shadow
  6213 | D:5      | Slain by a shadow

Illustrated notes

Levels and vault maps discovered:
D:1:      minmay_arrival_four_circles, layout_rooms,
          hellmonk_ecumenical_altar_heavens_door
D:2:      layout_loops_ring, minivault_27
D:3:      layout_basic, lemuel_doored_altar
D:4:      layout_loops_ring, nemelex_dance_club_becter, doesnt_xom_only_xom,
          minmay_temple_entry_sparse_star, ebering_ghost_reflecting_pool
D:5:      kennysheep_big_flooded_room, layout_cave_pools, nzn_random_ring

Skill      XL: |  1  2  3  4  5  6  7 |
---------------+----------------------+-----
Spellcasting   | | 11.5
Invocations    | 1 2 3 |  3.2
Short Blades   | 1 2 |  2.9
Long Blades    | 1 2 |  2.9
Axes           | 1 2 |  2.9
Maces & Flails | 1 2 |  2.9
Polearms       | 1 2 |  2.9
Staves         | 1 2 |  2.9
Slings         | 1 2 |  2.9
Bows           | 1 2 |  2.9
Armour         | 1 2 |  2.9
Dodging        | 1 2 |  2.9
Shields        | 1 2 |  2.9
Unarmed Combat | 1 2 |  2.9
Evocations     | 1 2 |  2.9
Conjurations   | 1 2 |  2.3
Hexes          | 1 2 |  2.3
Summonings     | 1 2 |  2.3
Necromancy     | 1 2 |  2.3
Translocations | 1 2 |  2.3
Transmutations | 1 2 |  2.3
Fire Magic     | 1 2 |  2.3
Ice Magic      | 1 2 |  2.3
Air Magic      | 1 2 |  2.3
Earth Magic    | 1 2 |  2.3
Poison Magic   | 1 2 |  2.3
Crossbows      | 3 |  3.9
Throwing       | 3 |  3.9
Fighting       | 5 |  5.4
Stealth        | 3 |  3.8

Action                   |  1- 3 |  4- 6 |  7- 9 || total
-------------------------+-------+-------+-------++-------
Melee: Short sword       |    45 |       |       ||    45
       Bite              |     3 |     7 |     3 ||    13
       Staff             |     9 |    65 |    77 ||   151
       Punch             |       |       |     3 ||     3
 Fire: Hand crossbow     |     6 |       |       ||     6
 Cast: Magic Dart        |    67 |    62 |     2 ||   131
       Mephitic Cloud    |       |     6 |     5 ||    11
       Call Imp          |       |     1 |     1 ||     2
Invok: Curse Item        |     1 |     1 |     1 ||     3
Evoke: Wand              |       |     2 |       ||     2
  Use: Scroll            |     1 |       |       ||     1
 Stab: Sleeping          |     2 |       |     1 ||     3
       Confused          |       |     1 |       ||     1
Armor: Robe              |    11 |    14 |    13 ||    38
Dodge: Dodged            |    34 |    47 |    33 ||   114
